 Dungeon Crawl Stone Soup version 0.20-a0-1039-gf554463 (console) character file.

4800 r4s the Covert (level 10, 48/48 HPs)
             Began as a Felid Chaos Knight on Apr 22, 2017.
             Quit the game on level 2 of the Lair of Beasts.
             The game lasted 02:14:57 (10540 turns).

r4s the Covert (Felid Chaos Knight)                Turns: 10540, Time: 02:14:58

Health: 48/48      AC:  4    Str:  6    XL:     10   Next: 24%
Magic:  30/30      EV: 24    Int: 14    God:    Xom [.*....]
Gold:   543        SH:  0    Dex: 19    Spells: 4/20 levels left
                                        Lives:  1   Deaths: 2

rFire    x . .     SeeInvis +     - Unarmed
rCold    + . .     Gourm    .   (shield unavailable)
rNeg     . . .     Faith    .   (armour unavailable)
rPois    +         Spirit   +   (helmet unavailable)
rElec    +         Reflect  .   (cloak unavailable)
rCorr    .         Harm     .   (gloves unavailable)
MR       +....                  (boots unavailable)
Stlth    ++++++....             u - amulet of guardian spirit
Regen    0.2/turn               E - ring "Liquow" {Ice +Inv rElec rPois}
MPRegen  0.3/turn               J - ring of magical power

@: quick
A: no armour, no weapons or thrown items, stealth, antennae 1, claws 1, fangs 3,
molten scales 1, see invisible, carnivore 3, speed 1, high mp 1, shaggy fur 2,
slow metabolism 1, weak 1, wild magic 1, sharp paws
a: Renounce Religion, Evoke Invisibility


You were on level 2 of the Lair of Beasts.
You worshipped Xom.
You were a plaything of Xom.
You were not hungry.

You visited 3 branches of the dungeon, and saw 12 of its levels.
You also visited: Ossuary.

You collected 543 gold pieces.

Inventory:

Missiles
 G - 44 poisoned needles
Jewellery
 b - an uncursed ring of protection from fire
 l - an uncursed ring of fire
 u - an amulet of guardian spirit (around neck)
 v - an uncursed ring of protection from fire
 E - the ring "Liquow" (left paw) {Ice +Inv rElec rPois}
   (Xom gifted it to you on level 5 of the Dungeon)

   [ring of ice]

   It enhances your ice magic.
   It makes you vulnerable to fire.
   It protects you from cold.
   It insulates you from electricity.
   It protects you from poison.
   It lets you turn invisible.
 J - a ring of magical power (right paw)
Wands
 h - a wand of polymorph (4/24)
 y - a wand of polymorph (14/24)
 z - a wand of clouds (4/9)
 C - a wand of acid (3/15)
 P - a wand of flame (15/48)
 R - a wand of random effects (22/48)
Scrolls
 d - a scroll of fog {unknown}
 e - a scroll of teleportation
 i - 2 scrolls of enchant weapon {unknown}
 k - 2 scrolls of fear
 m - 2 scrolls of amnesia {unknown}
 p - 3 scrolls of magic mapping {unknown}
 r - 5 scrolls of remove curse
 s - a scroll of noise
 t - 2 scrolls of identify
 x - a scroll of enchant armour {unknown}
 F - 2 scrolls of random uselessness
 H - a scroll of immolation {unknown}
 K - a scroll of recharging {unknown}
 M - a scroll of vulnerability {unknown}
 O - a scroll of holy word {unknown}
Potions
 c - 2 potions of agility
 g - 2 potions of mutation {unknown}
 j - a potion of heal wounds
 n - 4 potions of ambrosia
 o - a potion of brilliance
 q - a potion of curing
 w - 2 potions of flight {unknown}
 A - a potion of berserk rage
 D - a potion of invisibility
 I - a potion of haste
 N - 2 potions of cancellation {unknown}
Books
 B - a book of Misfortune

   Spells                             Type                      Level
   a - Confusing Touch                Hexes                        1
   b - Confuse                        Hexes                        3
   c - Gell's Gravitas                Translocation                3
   d - Petrify                        Transmutation/Earth          4
   e - Metabolic Englaciation         Hexes/Ice                    5
   f - Yara's Violent Unravelling     Hexes/Transmutation          5
 L - a book of Enchantments

   Spells                             Type                      Level
   a - Cause Fear                     Hexes                        4
   b - Yara's Violent Unravelling     Hexes/Transmutation          5
   c - Silence                        Hexes/Air                    5
   d - Deflect Missiles               Charms/Air                   6
   e - Discord                        Hexes                        8
Comestibles
 a - 9 meat rations
 f - 8 royal jellies
 Q - 5 chunks of flesh


   Skills:
 * Level 8.2 Fighting
 * Level 8.0 Dodging
 + Level 12.0 Stealth
 + Level 8.6 Unarmed Combat
 + Level 5.6 Spellcasting
 + Level 7.9 Hexes
 - Level 6.2 Translocations
 * Level 4.8 Transmutations
 * Level 3.7 Evocations


You had 4 spell levels left.
You knew the following spells:

 Your Spells              Type           Power        Failure   Level  Hunger
a - Confusing Touch       Hex            ####..       1%          1    None
b - Confuse               Hex            ####....     3%          3    ###....
c - Gell's Gravitas       Tloc           ####......   6%          3    ###....
d - Yara's Violent Unrav  Hex/Tmut       ####......   41%         5    ######.
e - Cause Fear            Hex            ####......   10%         4    ####...


Dungeon Overview and Level Annotations

Branches:
Dungeon (9/15)             Temple (1/1) D:4            Lair (2/6) D:9
    Orc (0/2) D:9
  Swamp: Lair:2-4    Shoals: Lair:2-4     Snake: Lair:2-4    Spider: Lair:2-4

Altars:
Ashenzari
Cheibriados
Dithmenos
Elyvilon
Fedhas
Gozag
Hepliaklqana
Kikubaaqudgha
Makhleb
Nemelex Xobeh
Okawaru
Qazlal
Ru
Sif Muna
Trog
Uskayaw
Vehumet
Wu Jian
Xom
Yredelemnul
Zin
The Shining One

Shops:
D:7 *

Annotations:
D:3 rock-trapped items, Grinder
D:4 1 runed door, exclusion: door


Innate Abilities, Weirdness & Mutations

You cannot wear armour.
You are incapable of wielding weapons or throwing items.
Your paws allow you to move quietly. (Stealth)
You have sharp claws.
You have razor-sharp teeth.
You have supernaturally acute eyesight. (SInv)
You are carnivorous and can eat meat at any time.
You cover ground quickly.
You are covered in thick fur. (AC +2)
You have a slow metabolism.
Your sharp claws are effective at attacking unaware monsters.
You have a pair of small antennae on your head.
You are partially covered in molten scales. (AC +2)
You have an increased reservoir of magic. (+10% MP)
You are weak. (Str -2)
Your spells are a little harder to cast, but a little more powerful.


Message History

You bite the jumping spider, but do no damage.
The shadow imp disappears in a puff of smoke!
You scratch the jumping spider.
The jumping spider is lightly wounded.
The jumping spider seems less confused.
The jumping spider misses you. The jumping spider closely misses you.
Found 16 gold pieces.
You closely miss the jumping spider.
The jumping spider is lightly wounded.
The jumping spider pounces on you!
* * * LOW HITPOINT WARNING * * *
You are caught in a web!
The jumping spider bites you.
You die...
Xom howls with laughter!
The jumping spider leaps!
Some of the chunks of flesh in your inventory have rotted away.
You are now level 10!
You rejoin the land of the living...
You can't grasp things well enough to throw them.
Are you sure you want to abandon this character and quit the game? (Confirm with "yes".)

*** #### # P* * #### ###########
#PP##
#*,P#####..###..##...#.#####.P.####
.P ..............@.........P.......
.,#...................#.#####......
.........#..##.##.....########.....
.........#.......#....##.....#.....
....P.................#.....#.)....
....P.....................b.s......
.................P.....#....##.....
.........P.............+....#P.....
..............P..P....P......P.....


There were no monsters in sight!

Vanquished Creatures
  2 hydras (Lair:1)
  Erica (Lair:1)
  A two-headed ogre (D:8)
  Sonja (Lair:1)
  The ghost of Voxish the Cruncher, a novice GnSk of Okawaru (D:8)
  3 spiny frogs
  A komodo dragon (Lair:1)
  A jumping spider (Lair:2)
  A hippogriff (Lair:2)
  2 dream sheep
  A spriggan (Lair:2)
  A tarantella (shapeshifter) (Lair:1)
  15 yaks
  A redback (Lair:2)
  A hungry ghost (D:7)
  2 basilisks (D:9)
  6 water moccasins
  An orc warrior (D:6)
  2 ice beasts (D:9)
  2 phantoms
  A sky beast (D:5)
  A necrophage (D:9)
  The ghost of Gorglomux the Ruffian, an amateur DrVM (D:3)
  2 ogres
  A crocodile (Lair:1)
  A centaur (D:9)
  8 bullfrogs
  5 wights (D:9)
  2 howler monkeys
  2 crimson imps (D:5)
  A quasit (D:9)
  2 jellies
  2 hounds (D:4)
  An orc priest (D:4)
  A bullfrog skeleton (D:4)
  2 centaur skeletons
  Jessica (D:3)
  7 iguanas
  Ijyb (D:5)
  6 orc wizards
  9 worker ants
  A big kobold zombie (Ossuary)
  A hound skeleton (D:6)
  A hound zombie (D:9)
  4 mummies (Ossuary)
  8 adders
  2 shadow imps
  A white imp (D:3)
  2 oozes
  3 worms
  A dart slug (D:2)
  4 leopard geckos
  28 orcs
  3 giant cockroaches
  A gnoll zombie (Ossuary)
  3 goblins
  9 hobgoblins
  8 jackals
  9 kobolds
  3 quokkas
  4 ball pythons
  2 bats (D:1)
  7 frilled lizards
  A goblin zombie (Ossuary)
  3 jackal zombies (Ossuary)
  2 kobold zombies (Ossuary)
  A leopard gecko skeleton (D:7)
  An orc zombie (Ossuary)
  7 rats
  2 rat zombies (Ossuary)
225 creatures vanquished.

Vanquished Creatures (collateral kills)
  A komodo dragon (Lair:1)
  Sigmund (D:5)
  A yak (Lair:1)
  Duvessa (D:6)
  A boggart (D:6)
  A centaur (D:6)
  An elf zombie (Ossuary)
  A big kobold (D:7)
  A bullfrog (D:7)
  A centaur zombie (D:7)
  An orc priest (D:3)
  2 orc wizards (D:5)
  3 orcs
  A goblin (D:3)
  A jackal (D:3)
  A kobold (D:7)
19 creatures vanquished.

Vanquished Creatures (others)
  A black mamba (Lair:2)
  A yak (Lair:2)
  An orc (D:3)
  A plant (Lair:1)
4 creatures vanquished.

Grand Total: 248 creatures vanquished

Notes
Turn   | Place    | Note
-------+----------+-------------------------------------------
     0 | D:1      | r4s the Felid Chaos Knight began the quest for the Orb.
     0 | D:1      | Reached XP level 1. HP: 10/10 MP: 2/2
   126 | D:1      | Reached XP level 2. HP: 8/14 MP: 3/3
   299 | D:1      | XOM: harmless Pois miscast
   320 | D:1      | XOM: divination: magic mapping
   396 | D:1      | Reached skill level 1 in Stealth
   419 | D:1      | Reached skill level 2 in Stealth
   440 | D:1      | XOM: god gift: curved bronze wand {god gift}
   567 | D:2      | Reached XP level 3. HP: 17/17 MP: 4/4
   611 | D:2      | XOM: medium Summ miscast
   612 | D:2      | Noticed a small abomination
   612 | D:2      | Noticed a small abomination
   622 | D:3      | Noticed Gorglomux's ghost (amateur DrVM)
   706 | D:3      | XOM: summons friendly iron imp
   709 | D:3      | Reached XP level 4. HP: 6/21 MP: 5/5
   816 | D:3      | Noticed Jessica
   820 | D:3      | Killed Jessica
   820 | D:3      | Reached skill level 3 in Stealth
   825 | D:3      | Noticed Grinder
  1158 | D:2      | Reached XP level 5. HP: 22/24 MP: 6/6
  1187 | D:2      | XOM: harmless Tloc miscast
  1384 | D:2      | Found a sacrificial altar of Ru.
  1400 | D:2      | XOM: summons 2 hostile demons
  1416 | D:2      | HP: 1/24 [white imp/puff of frost[Xom] (9)]
  1480 | D:2      | HP: 1/24 [jackal (1)]
  2137 | D:3      | XOM: polymorph crimson imp -> white imp
  2223 | D:3      | Reached skill level 1 in Evocations
  2258 | D:3      | XOM: noise
  2259 | D:3      | XOM: noise
  2260 | D:3      | XOM: confuse monster(s)
  2275 | D:3      | Killed Gorglomux's ghost
  2275 | D:3      | Reached skill level 4 in Stealth
  2275 | D:3      | Gained mutation: You are covered in thick fur. (AC +2) [Felid growth]
  2275 | D:3      | Reached XP level 6. HP: 18/28 MP: 7/7
  2280 | D:3      | XOM: summons 3 hostile demons
  2314 | D:3      | XOM: butterfly on damage
  2452 | D:4      | Reached skill level 5 in Dodging
  2508 | D:4      | XOM: 1-stop teleportation journey
  2528 | D:4      | Found a sand-covered staircase.
  2566 | Ossuary  | Entered an ossuary
  2587 | Ossuary  | XOM: harmless Ice miscast
  2597 | Ossuary  | XOM: swap monsters
  2598 | Ossuary  | XOM: confusion (+ monsters)
  2608 | Ossuary  | XOM: cleaving
  2623 | Ossuary  | XOM: summons friendly ufetubus
  2639 | Ossuary  | XOM: summons 3 friendly demons
  2660 | Ossuary  | XOM: harmless Pois miscast
  2668 | Ossuary  | Reached skill level 5 in Unarmed Combat
  3030 | D:4      | Reached XP level 7. HP: 20/32 MP: 9/9
  3504 | D:4      | Found a runed door.
  3522 | D:4      | XOM: 2-stop teleportation journey
  3551 | D:4      | Found a staircase to the Ecumenical Temple.
  3583 | D:4      | Reached skill level 5 in Stealth
  3633 | D:4      | XOM: 1-stop teleportation journey
  3639 | Temple   | Entered the Ecumenical Temple
  4071 | D:4      | XOM: god gift: 5 meat rations
  4116 | D:5      | Entered Level 5 of the Dungeon
  4141 | D:4      | Found an iron altar of Okawaru.
  4142 | D:4      | Found a bloodstained altar of Trog.
  4283 | D:5      | Found a shattered altar of Ashenzari.
  4324 | D:5      | Noticed Ijyb
  4331 | D:5      | Killed Ijyb
  4366 | D:5      | XOM: scenery: create altars
  4401 | D:5      | Learned a level 1 spell: Confusing Touch
  4405 | D:5      | Learned a level 3 spell: Confuse
  4409 | D:6      | XOM: noise
  4497 | D:5      | XOM: enchant monster (good)
  4504 | D:5      | Reached skill level 5 in Hexes
  4504 | D:5      | Reached XP level 8. HP: 36/36 MP: 7/10
  4547 | D:5      | Noticed Sigmund
  4560 | D:5      | Killed Sigmund
  4562 | D:5      | Gained mutation: You have a pair of small antennae on your head. [mutagenic meat]
  4563 | D:5      | Gained mutation: You are partially covered in molten scales. (AC +2) [mutagenic meat]
  4564 | D:5      | Gained mutation: You have an increased reservoir of magic. (+10% MP) [mutagenic meat]
  4565 | D:5      | Gained mutation: Your spells are a little harder to cast, but a little more powerful. [mutagenic meat]
  4613 | D:5      | XOM: cloud trail
  4620 | D:5      | Found a deep blue altar of Sif Muna.
  4669 | D:5      | XOM: god gift: slimy golden ring {god gift}
  4670 | D:5      | Got a slimy golden ring {god gift}
  4672 | D:5      | Identified the ring "Liquow" {Ice +Inv rElec rPois} (Xom gifted it to you on level 5 of the Dungeon)
  4677 | D:5      | Learned a level 3 spell: Gell's Gravitas
  5098 | D:6      | Found a glowing golden altar of the Shining One.
  5190 | D:6      | Reached skill level 1 in Spellcasting
  5190 | D:6      | Reached skill level 1 in Translocations
  5281 | D:6      | Found a shadowy altar of Dithmenos.
  5318 | D:6      | Noticed Duvessa
  5339 | D:6      | Reached skill level 6 in Stealth
  5352 | D:6      | Noticed Dowan
  5352 | D:6      | XOM: enchant monster (good)
  5375 | D:6      | XOM: confuse monster(s)
  5383 | D:6      | XOM: confuse monster(s)
  5387 | D:6      | XOM: summons 4 hostile demons
  5562 | D:6      | XOM: summons friendly iron imp
  5579 | D:6      | XOM: cast spell 'Summon Ice Beast'
  5592 | D:6      | Noticed Dowan
  5592 | D:6      | Dowan changed into Dowan the boggart
  5598 | D:6      | Killed Duvessa
  5598 | D:6      | Reached skill level 5 in Translocations
  5599 | D:6      | Killed Dowan the boggart
  5830 | D:7      | XOM: scenery: create altars
  5860 | D:7      | Reached skill level 7 in Stealth
  5919 | D:7      | XOM: god gift: dagger {god gift}
  5935 | D:7      | Found a sparkling altar of Nemelex Xobeh.
  5958 | D:7      | XOM: cleaving
  5962 | D:7      | Reached XP level 9. HP: 26/40 MP: 8/14
  6130 | D:7      | XOM: summons friendly quasit
  6276 | D:7      | Reached skill level 5 in Fighting
  6276 | D:7      | Reached skill level 8 in Stealth
  6367 | D:7      | XOM: fog
  6447 | D:7      | Found Tuaptol's Elemental Accessories.
  6596 | D:8      | Noticed Voxish's ghost (novice GnSk)
  6628 | D:8      | XOM: destruction
  6695 | D:8      | Killed Voxish's ghost
  6743 | D:8      | Learned a level 5 spell: Yara's Violent Unravelling
  6810 | D:8      | Found a shadowy altar of Dithmenos.
  6842 | D:8      | Noticed a two-headed ogre
  6861 | D:8      | XOM: cast spell 'Ring of Flames'
  6868 | D:8      | Killed a two-headed ogre
  6868 | D:8      | Reached skill level 9 in Stealth
  6868 | D:8      | Reached skill level 1 in Transmutations
  6894 | D:8      | XOM: 1-stop teleportation journey
  6920 | D:8      | XOM: mild Fire miscast
  7064 | D:8      | XOM: summons 3 hostile shadow creatures
  7145 | D:9      | Reached XP level 10. HP: 45/45 MP: 16/16
  7389 | D:9      | Found a staircase to the Lair.
  7493 | D:9      | XOM: harmless Summ miscast
  7543 | D:9      | XOM: polymorph howler monkey -> worm
  7642 | D:9      | Found a staircase to the Orcish Mines.
  7723 | D:9      | XOM: summons 3 hostile shadow creatures
  7731 | D:9      | XOM: harmless Tmut miscast
  7733 | D:9      | XOM: scenery: create altars
  7736 | D:9      | XOM: enchant monster (bad)
  7752 | D:9      | XOM: polymorph hippogriff -> dream sheep
  7935 | D:9      | XOM: give mutation
  7935 | D:9      | Gained mutation: You are weak. (Str -2) [Xom's mischief]
  7993 | D:9      | XOM: mild Air miscast
  8125 | Lair:1   | Entered Level 1 of the Lair of Beasts
  8125 | Lair:1   | Noticed a four-headed hydra
  8139 | Lair:1   | XOM: swap monsters
  8144 | Lair:1   | Killed a four-headed hydra
  8182 | Lair:1   | XOM: 1-stop teleportation journey
  8183 | Lair:1   | Noticed Sonja
  8185 | Lair:1   | Noticed a four-headed hydra
  8186 | Lair:1   | Reached skill level 10 in Stealth
  8193 | Lair:1   | XOM: summons friendly crimson imp
  8209 | Lair:1   | XOM: scenery: 3 doors open
  8210 | Lair:1   | HP: 2/47 [four-headed hydra (9)]
  8210 | Lair:1   | Slain by a four-headed hydra
  8211 | Lair:1   | Reached XP level 9. HP: -2/43 MP: 0/26
  8242 | Lair:1   | Noticed a komodo dragon
  8247 | Lair:1   | XOM: chaos upgrade
  8255 | Lair:1   | Killed Sonja
  8261 | Lair:1   | XOM: smoke on damage
  8265 | Lair:1   | XOM: mild Fire miscast
  8436 | Lair:1   | Killed a four-headed hydra
  8436 | Lair:1   | Reached XP level 10. HP: 28/47 MP: 19/19
  8524 | Lair:1   | XOM: scenery: 1 doors open
  8562 | Lair:1   | Noticed Erica
  8583 | Lair:1   | XOM: give mutations
  8583 | Lair:1   | Gained mutation: You are dopey. (Int -2) [Xom's mischief]
  8583 | Lair:1   | Lost mutation: You are dopey. (Int -2) [Xom's mischief]
  8721 | Lair:1   | XOM: medium Necr miscast
  8758 | Lair:1   | XOM: summons 1 hostile demon
  8775 | Lair:1   | XOM: scenery: create altars
  8852 | Lair:1   | XOM: scenery: create altars
  8860 | Lair:1   | XOM: scenery: create altars
  8862 | Lair:1   | XOM: divine lightning
  8871 | Lair:1   | XOM: polymorph yak -> merfolk
  8884 | Lair:1   | XOM: scenery: create altars
  8890 | Lair:1   | XOM: polymorph merfolk -> dream sheep
  8893 | Lair:1   | Reached skill level 11 in Stealth
  8907 | Lair:1   | XOM: noise
  9025 | Lair:1   | XOM: stat loss: -1 Dex (18/19)
  9029 | Lair:1   | XOM: summons 2 friendly demons
  9032 | Lair:1   | XOM: enchant monster (good)
  9054 | Lair:1   | XOM: divination: magic mapping
  9064 | Lair:1   | XOM: enchant monster (good)
  9068 | Lair:1   | XOM: cast spell 'Summon Small Mammal'
  9107 | Lair:1   | XOM: confuse monster(s)
  9139 | Lair:1   | XOM: scenery: create altars
  9285 | Lair:1   | XOM: scenery: create altars
  9293 | Lair:1   | XOM: scenery: create altars
  9299 | Lair:1   | XOM: summons 1 hostile demon
  9302 | Lair:1   | Killed Erica
  9302 | Lair:1   | Reached skill level 5 in Spellcasting
  9378 | Lair:1   | XOM: harmless Pois miscast
  9605 | Lair:2   | Noticed a spiny frog
  9626 | Lair:2   | Killed a spiny frog
  9701 | Lair:2   | XOM: harmless Air miscast
  9721 | Lair:2   | XOM: enchant monster (good)
  9723 | Lair:2   | XOM: summons friendly quasit
  9728 | Lair:2   | XOM: enchant monster (bad)
  9743 | Lair:2   | XOM: polymorph yak -> spriggan
  9749 | Lair:2   | Noticed a spiny frog
  9769 | Lair:2   | XOM: chaos cloud
  9774 | Lair:2   | XOM: fog
  9777 | Lair:2   | XOM: scenery: create altars
  9793 | Lair:2   | XOM: cleaving
  9795 | Lair:2   | XOM: cast spell 'Metabolic Englaciation'
  9796 | Lair:2   | XOM: cast spell 'Disjunction'
  9813 | Lair:2   | XOM: summons friendly crimson imp
  9818 | Lair:2   | XOM: 1-stop teleportation journey
  9826 | Lair:2   | Noticed a black mamba
  9828 | Lair:2   | XOM: divination: magic mapping
  9831 | Lair:2   | Killed a black mamba
  9831 | Lair:2   | XOM: divine lightning
  9832 | Lair:2   | XOM: polymorph yak -> human
  9998 | Lair:2   | Noticed a spiny frog
 10014 | Lair:2   | Killed a spiny frog
 10014 | Lair:2   | Reached XP level 11. HP: 33/51 MP: 21/21
 10040 | Lair:2   | Learned a level 4 spell: Cause Fear
 10085 | Lair:2   | XOM: fake destruction
 10113 | Lair:1   | XOM: butterfly on damage
 10114 | Lair:1   | XOM: polymorph yak -> black bear
 10139 | Lair:1   | XOM: summons friendly white imp
 10267 | Lair:2   | XOM: scenery: create altars
 10357 | Lair:2   | XOM: cleaving
 10360 | Lair:1   | XOM: summons 10 friendly demons
 10397 | Lair:2   | XOM: stat loss: -1 Int (13/14)
 10417 | Lair:2   | XOM: potion effect (invisibility)
 10485 | Lair:2   | XOM: confusion (+ monsters)
 10490 | Lair:2   | XOM: summons 2 hostile demons
 10503 | Lair:2   | XOM: confusion (+ monsters)
 10513 | Lair:2   | Reached skill level 12 in Stealth
 10531 | Lair:2   | XOM: divination: detect creatures
 10539 | Lair:2   | Slain by a jumping spider
 10540 | Lair:2   | Reached XP level 10. HP: -1/48 MP: 0/30
 10540 | Lair:2   | Quit the game

Vault maps used:
D:1:      minmay_arrival_hallway, minmay_small_reverse_x
D:2:      nicolae_overflow_crystal_walls
D:3:      first_bread, serial_glass, glass_columns_a, glass_columns_b,
          glass_columns_c, glass_columns_a, glass_columns_a, glass_columns_a,
          item_on_display_a, due_unseen_surprise, uniq_jessica, uniq_grinder
D:4:      grunt_temple_overflow_bloody_war, minmay_temple_entry_statues_pillars,
          nicolae_ossuary_entry_false_entrances, uniq_crazy_yiuf_cottage
D:5:      lemuel_round_altar, ashenzari_altar_1, uniq_ijyb, uniq_sigmund
D:6:      lemuel_doored_altar, nicolae_dithmenos_the_darkroom, uniq_duvessa
D:7:      nemelex_xobeh_ov_fountains_minmay, nicolae_elemental_shop
D:8:      old_standard_altar
D:9:      david_lair_generic, orc_0_dummy
Temple:   minmay_temple_curvy_branch
Lair:1:   minmay_holes, lemuel_fruit_fields, serial_bayou_shore_b, uniq_sonja,
          uniq_erica
Lair:2:   nicolae_spider_entry_tight_spaces, grunt_megastairs_4
Ossuary:  ossuary_minmay_tomb_2a

Skill      XL: |  1  2  3  4  5  6  7  8  9 10 11 |
---------------+----------------------------------+-----
Stealth        | 2 3 4 5 7 9 11 12 | 12.0
Dodging        | 4 5 7 8 |  8.0
Unarmed Combat | 4 5 8 |  8.6
Evocations     | 1 2 3 |  3.7
Fighting       | 4 6 8 |  8.2
Hexes          | 5 6 7 |  7.9
Spellcasting   | 2 4 5 |  5.6
Translocations | 6 |  6.2
Transmutations | 4 3 |  4.8

Action                   |  1- 3 |  4- 6 |  7- 9 | 10-12 || total
-------------------------+-------+-------+-------+-------++-------
Melee: Unarmed           |    82 |   181 |   365 |   391 ||  1019
       Bite              |     9 |    24 |    41 |    40 ||   114
       Punch             |     1 |     3 |    10 |    16 ||    30
 Cast: Confusing Touch   |       |       |    65 |    91 ||   156
       Confuse           |       |       |    12 |     4 ||    16
       Gell's Gravitas   |       |       |     9 |    26 ||    35
       Cause Fear        |       |       |       |     1 ||     1
Evoke: Wand              |       |    22 |     6 |    10 ||    38
  Use: Potion            |     3 |     3 |     5 |     4 ||    15
       Scroll            |       |     5 |     7 |     2 ||    14
 Stab: Sleeping          |     6 |     8 |    19 |     8 ||    41
       Invisible         |     2 |       |       |     6 ||     8
       Confused          |       |     3 |    33 |    46 ||    82
       Distracted        |       |       |     2 |     3 ||     5
       Petrified         |       |       |     1 |       ||     1
       Paralysed         |       |       |     1 |       ||     1
       Petrifying        |       |       |       |     1 ||     1
  Eat: Chunk             |     7 |     3 |    23 |    10 ||    43
Armor: Skin              |     3 |     9 |    18 |     9 ||    39
Dodge: Dodged            |    72 |   145 |   248 |   267 ||   732
